 Dungeon Crawl Stone Soup version 0.31-a0-188-g5e087ee2ca (webtiles) character file.

Game seed: 14208303402587360033

598 qw the Skirmisher (level 7, -1/40 HPs)
             Began as a Deep Elf Hunter on June 23, 2023.
             Killed by nerve-wracking pain
             ... invoked by an orc priest
              (12 damage)
             ... on level 4 of the Dungeon.
             The game lasted 00:01:09 (3171 turns).

qw the Skirmisher (Deep Elf Hunter)                 Turns: 3171, Time: 00:01:09

Health: -1/40      AC:  5    Str: 10      XL:     7   Next: 17%
Magic:  9/9        EV: 11    Int: 14      God:
Gold:   93         SH:  0    Dex: 16 (18) Spells: 6/6 levels left

rFire   . . .        Y - +1 shortbow
rCold   . . .        (shield currently unavailable)
rNeg    . . .        g - +0 ring mail
rPois   .            (no helmet)
rElec   .            (no cloak)
rCorr   .            (no gloves)
SInv    .            (no boots)
Will    .....        (no amulet)
Stlth   +            (no ring)
HPRegen 0.26/turn    (no ring)
MPRegen 0.11/turn

%: no passive effects
@: no status effects
A: no striking features
a: no special abilities


You were on level 4 of the Dungeon.
You visited 1 branch of the dungeon, and saw 4 of its levels.

You collected 93 gold pieces.


   Skills:
 - Level 2.5 Fighting
 + Level 10.4 Ranged Weapons
 - Level 3.9 Dodging
 - Level 1.2 Stealth


You had 6 spell levels left.
You didn't know any spells.
Your spell library was empty.

Inventory:

Hand Weapons
 Y - a +1 shortbow (weapon)
Armour
 g - a +0 ring mail (worn)
 j - a +0 helmet
Jewellery
 d - a ring of fire
 i - a ring of fire
Scrolls
 b - a scroll of identify
 c - a scroll of fear {unknown}
 k - a scroll of teleportation {unknown}
Potions
 a - a potion of mutation
 e - 3 potions of haste
 f - 2 potions of lignification {unknown}
 h - a potion of resistance

Dungeon Overview and Level Annotations

Branches:
Dungeon (4/15)
 Temple: D:4-7

Altars:
Zin


Message History

You shoot an arrow.
The arrow hits the orc priest but does no damage.
The orc priest is heavily wounded.
An orc comes into view. It is wielding a +0 flail.
The orc priest hits you but does no damage.
You hear some strange, mumbled words.
Something tries to affect you, but you resist.
The orc priest hits you but does no damage.
You shoot an arrow. The arrow barely misses the orc priest.
You shoot an arrow.
The arrow closely misses the orc priest.
The orc priest misses you. Something hits you.
A gnoll comes into view. It is wielding a +0 spear.
You hear some strange, mumbled words.
A magic dart appears from out of thin air!
The magic dart hits you!
The orc priest mumbles some strange prayers to Beogh against you.
Pain shoots through your body!
You shoot an arrow. The arrow hits the orc priest.
The orc priest is almost dead.
The orc priest calls down the wrath of Beogh upon you.
Beogh smites you! Something hits you.
An orc comes into view. It is wielding a +0 whip.
3169 ||| DRINKING potion of heal wounds.
You feel much better.
The gnoll hits you from afar with a +0 spear.
A gnoll comes into view. It is wielding a +0 flail of draining.
You shoot an arrow. The arrow barely misses the orc priest.
The arrow closely misses the gnoll.
The gnoll closely misses you.
A goblin comes into view. It is wielding a +0 club.
The orc priest invokes the aid of Beogh against you.
Pain shoots through your body!
You shoot an arrow.
The arrow hits the orc priest but does no damage.
The orc priest is almost dead.
The gnoll closely misses you.
The orc priest invokes the aid of Beogh against you.
Pain shoots through your body!
You die...

# # ### ##. #.#..gog
#.#.#g## #...og.#
#@#..# #.#..# #.#
#.#..# #.#. #.#..#
###...### #######.#..#
#........ ....^...#..##
#.##..... #######.....#
#.##.....
#....'...%.####........
.....#...........##....


You could see a gnoll bouda, an orc priest, 2 gnolls, an orc and a goblin.

Vanquished Creatures
  A black bear (D:4)
  An ogre (D:3)
  2 phantoms (D:4)
  A hound (D:4)
  An iguana (D:4)
  Natasha (twice) (D:2)
  Robin (D:4)
  6 adders
  3 gnolls (D:2)
  A white imp (D:4)
  2 worms
  2 dart slugs
  7 endoplasms
  4 giant cockroaches
  11 hobgoblins
  6 kobolds
  3 quokkas (D:2)
  6 bats
  5 frilled lizards
  5 goblins
  4 rats
74 creatures vanquished.

Notes
Turn   | Place    | Note
-------+----------+-------------------------------------------
     0 | D:1      | qw the Deep Elf Hunter began the quest for the Orb.
     0 | D:1      | Reached XP level 1. HP: 12/12 MP: 3/3
     0 | D:1      | 0 ||| qw: Version: 0.3-a-9-g12657ce
     0 | D:1      | 0 ||| qw: Game counter: 4263
     0 | D:1      | 0 ||| qw: Always use a shield: true
     0 | D:1      | 0 ||| qw: God list: Okawaru
     0 | D:1      | 0 ||| qw: Allow faded altars: false
     0 | D:1      | 0 ||| qw: Do Orc after D:15 true
     0 | D:1      | 0 ||| qw: Do second Lair branch before Depths: true
     0 | D:1      | 0 ||| qw: Lair rune preference: random
     0 | D:1      | 0 ||| qw: Plans: Normal
     0 | D:1      | 0 ||| PLANNING D:1-11
   246 | D:1      | Reached skill level 6 in Ranged Weapons
   246 | D:1      | Reached XP level 2. HP: 16/16 MP: 4/4
   578 | D:1      | 578 ||| UPGRADING to +0 ring mail.
   588 | D:1      | 588 ||| DROPPING +0 leather armour.
   589 | D:1      | 589 ||| READING scroll labelled LACKUQILLA.
   590 | D:1      | 590 ||| DROPPING scroll of butterflies.
   686 | D:2      | Reached XP level 3. HP: 17/20 MP: 5/5
   882 | D:2      | Reached skill level 7 in Ranged Weapons
   923 | D:2      | Noticed Natasha
   928 | D:2      | Killed Natasha
   929 | D:2      | Reached XP level 4. HP: 8/25 MP: 6/6
  1205 | D:2      | HP: 5/25 [gnoll/+0 spear (4)]
  1206 | D:2      | HP: 1/25 [gnoll/+0 spear (4)]
  1236 | D:2      | Noticed Natasha
  1241 | D:2      | HP: 2/25 [Natasha/magic dart (8)]
  1243 | D:2      | Killed Natasha
  1244 | D:2      | Reached skill level 8 in Ranged Weapons
  1468 | D:2      | 1468 ||| DRINKING 2 cyan potions.
  1592 | D:3      | Reached XP level 5. HP: 21/29 MP: 7/7
  1896 | D:3      | Noticed an ogre
  1904 | D:3      | HP: 2/29 [ogre/+0 giant club (27)]
  1905 | D:3      | 1905 ||| DRINKING potion of heal wounds.
  1910 | D:3      | Killed an ogre
  1911 | D:3      | Reached skill level 9 in Ranged Weapons
  2095 | D:3      | Reached XP level 6. HP: 35/35 MP: 8/8
  2098 | D:3      | Found a glowing silver altar of Zin.
  2480 | D:3      | 2480 ||| READING scroll labelled HARCHE IGUAKO.
  2481 | D:3      | 2481 ||| READING scroll labelled CYFUTU FIMAZXU.
  2482 | D:3      | 2482 ||| READING 2 scrolls labelled TAITOU RY FOHAB.
  2483 | D:3      | 2483 ||| DRINKING 2 bubbling sapphire potions.
  2484 | D:3      | 2484 ||| READING 2 scrolls of identify.
  2484 | D:3      | 2484 ||| IDENTIFYING pink potion
  2485 | D:3      | 2485 ||| DROPPING potion of degeneration.
  2486 | D:3      | 2486 ||| DROPPING scroll of blinking.
  2527 | D:4      | HP: 8/35 [phantom (5)]
  2709 | D:4      | 2709 ||| FLEEEEING.
  2710 | D:4      | 2710 ||| FLEEEEING.
  2711 | D:4      | 2711 ||| FLEEEEING.
  2712 | D:4      | 2712 ||| FLEEEEING.
  2713 | D:4      | 2713 ||| FLEEEEING.
  2714 | D:4      | 2714 ||| FLEEEEING.
  2715 | D:4      | 2715 ||| FLEEEEING.
  2716 | D:4      | 2716 ||| FLEEEEING.
  2717 | D:4      | 2717 ||| STAIRDANCE
  2742 | D:3      | 2742 ||| READING 2 scrolls of identify.
  2742 | D:3      | 2742 ||| IDENTIFYING smoky sapphire potion
  2835 | D:4      | Reached skill level 10 in Ranged Weapons
  2899 | D:4      | Noticed Robin
  2905 | D:4      | Killed Robin
  3040 | D:4      | Reached skill level 3 in Dodging
  3040 | D:4      | Reached XP level 7. HP: 40/40 MP: 9/9
  3168 | D:4      | HP: 2/40 [orc priest/divine providence (11)]
  3169 | D:4      | 3169 ||| DRINKING potion of heal wounds.
  3171 | D:4      | Killed from afar by an orc priest

Levels and vault maps discovered:
D:1:      amcnicky_arrival_blooded_trapdoor, layout_loops_cross, minmay_tripent
D:2:      layout_basic, uniq_natasha
D:3:      layout_basic, zin_academy, serial_bayou_pond_b
D:4:      layout_basic, minmay_statues_item, uniq_robin

Skill      XL: |  1  2  3  4  5  6 |
---------------+-------------------+-----
Ranged Weapons | 6 7 8 9 10 | 10.4
Fighting       | 2 |  2.5
Dodging        | 3 |  3.9
Stealth        | |  1.2

Action                     |  1- 3 |  4- 6 |  7- 9 || total
---------------------------+-------+-------+-------++-------
   Fire: Shortbow          |    80 |   180 |    19 ||   279
    Use: Scroll            |     1 |     5 |       ||     6
         Potion            |       |     3 |     1 ||     4
 Armour: Leather armour    |     3 |       |       ||     3
         Ring mail         |     1 |    35 |     4 ||    40
  Dodge: Dodged            |    18 |    43 |     6 ||    67

Table legend:
 A = Non-vault XP
 B = Vault XP
 C = Vault XP percentage of total XP
 D = Non-vault monster count
 E = Vault monster count
 F = Vault count percentage of total count
                 A         B        C        D         E       F
            +---------+---------+-------+---------+---------+-------
      Total |     793 |      62 |   7.3 |      65 |       9 |  12.2
            +---------+---------+-------+---------+---------+-------
        D:1 |      27 |       3 |  10.0 |      16 |       2 |  11.1
        D:2 |     122 |      35 |  22.3 |      20 |       1 |   4.8
        D:3 |     202 |       4 |   1.9 |      12 |       2 |  14.3
        D:4 |     442 |      20 |   4.3 |      17 |       4 |  19.0
            +---------+---------+-------+---------+---------+-------
